 Dungeon Crawl Stone Soup version 0.18.1-48-g4cf74bf (webtiles) character file.

65 GameOver the Changer (level 4, -2/38 HPs)
             Began as a Naga Transmuter on Sept 11, 2016.
             Killed by divine providence
             ... invoked by an orc priest
              (11 damage)
             ... on level 4 of the Dungeon.
             The game lasted 00:08:44 (1506 turns).

GameOver the Changer (Naga Transmuter)              Turns: 1506, Time: 00:08:44

Health: -2/38      AC:  3    Str: 12    XL:     4   Next: 13%
Magic:  4/7        EV: 10    Int: 14    God:
Gold:   78         SH:  0    Dex: 12    Spells: 3 memorised, 1 level left

rFire  . . .     SeeInvis +       - Unarmed
rCold  . . .     Gourm    .     b - +1 robe
rNeg   . . .     Faith    .     (no shield)
rPois  +         Spirit   .     (no helmet)
rElec  .         Dismiss  .     (no cloak)
rCorr  .         Reflect  .     (no gloves)
SustAt .         Harm     .     (no barding)
MR     .....                    (no amulet)
Stlth  +.........               (no ring)
                                (no ring)

@: very slightly contaminated, very slow, not resistant to hostile enchantments,
very unstealthy
A: see invisible, deformed body, poison resistance, slowness 2, slow metabolism
1, spit poison 2, AC +1
a: Spit Poison


You were on level 4 of the Dungeon.
You were not hungry.

You visited 1 branch of the dungeon, and saw 4 of its levels.

You collected 78 gold pieces.

Inventory:

Hand Weapons
 j - a +0 arbalest
Missiles
 a - 37 arrows
Armour
 b - a +1 robe (worn)
Scrolls
 g - 3 scrolls of identify {unknown}
 m - a scroll of recharging {unknown}
 p - a scroll of fog {unknown}
Potions
 e - a potion of berserk rage {unknown}
 i - a potion of invisibility {unknown}
 k - 2 potions of might {unknown}
 n - a potion of haste {unknown}
 s - a potion of resistance {unknown}
Books
 c - a book of Changes

   Spells                             Type                      Level
   a - Beastly Appendage              Transmutation                1
   b - Sticks to Snakes               Transmutation                2
   c - Spider Form                    Transmutation/Poison         3
   d - Ice Form                       Ice/Transmutation            4
   e - Blade Hands                    Transmutation                5
Comestibles
 d - 2 bread rations
 l - a meat ration
 o - a beef jerky
 r - 3 chunks of flesh


   Skills:
 - Level 1.0 Fighting
 - Level 1.5 Dodging
 - Level 3.0 Unarmed Combat
 - Level 2.0 Spellcasting
 + Level 3.9 Transmutations
 + Level 2.0 Poison Magic


You had one spell level left.
You knew the following spells:

 Your Spells              Type           Power        Failure   Level  Hunger
a - Beastly Appendage     Trmt           ##....       6%          1    ##.....
b - Sticks to Snakes      Trmt           ##......     10%         2    ###....
c - Spider Form           Trmt/Pois      #.........   24%         3    ####...


Dungeon Overview and Level Annotations

Branches:
Dungeon (4/15)
 Temple: D:4-7

Altars:
Xom

Annotations:
D:3 Rationalist's ghost, amateur MiGl


Innate Abilities, Weirdness & Mutations

You cannot wear boots.
Your serpentine skin is tough (AC +1).
You have supernaturally acute eyesight.
Armour fits poorly on your strangely shaped body.
Your system is resistant to poisons.
You cover ground very slowly.
You have a slow metabolism.
You can spit poison.


Message History

There is a stone staircase leading up here.
Read which item? (? for menu, Esc to quit)
As you read the scroll labeled RIMASI GYETUERCH, it crumbles to dust.
The creatures around you are filled with an inner flame!
It was a scroll of immolation.
The orc closely misses you.
An orc comes into view.
Read which item? (? for menu, Esc to quit)
As you read the scroll labeled FAIXIKHLIOSK, it crumbles to dust.
It is a scroll of enchant armour.
Enchant which item? (? for menu, Esc to quit)
Your +0 robe glows green for a moment.
The orc shouts!
The orc hits you.
* * * LOW HITPOINT WARNING * * *
The orc priest misses you.
Unknown command.
An orc comes into view.
The orc priest invokes the aid of Beogh against you.
Beogh smites you!
You die...

#....#
.....#
.....#
#....#
#....#
#....# #
#.[..#
#.#.##@.#
#..oo<.##
#....#o#
.........#
.#####o...
.h....
.oh....
#........
#.. .<....


You could see 2 orc priests, 2 orcs and 2 jackals.

Vanquished Creatures
  2 adders
  An ooze (D:2)
  A dart slug (D:2)
  A giant gecko (D:2)
  An orc (D:3)
  4 giant cockroaches
  7 hobgoblins
  2 ball pythons
  3 bats
  3 giant newts
  3 goblins
  7 kobolds
  5 rats
40 creatures vanquished.

Notes
Turn   | Place    | Note
--------------------------------------------------------------
     0 | D:1      | GameOver the Naga Transmuter began the quest for the Orb.
     0 | D:1      | Reached XP level 1. HP: 18/18 MP: 3/3
    96 | D:1      | Reached XP level 2. HP: 15/25 MP: 3/5
   746 | D:2      | Reached XP level 3. HP: 31/31 MP: 6/6
   859 | D:2      | Learned a level 2 spell: Sticks to Snakes
   863 | D:2      | Learned a level 3 spell: Spider Form
  1153 | D:2      | Found a shimmering altar of Xom.
  1195 | D:2      | Reached skill level 1 in Poison Magic
  1410 | D:3      | Reached XP level 4. HP: 23/38 MP: 5/7
  1469 | D:3      | Noticed Rationalist's ghost (amateur MiGl)
  1506 | D:4      | Killed from afar by an orc priest

Skill      XL: |  1  2  3  4 |
---------------+-------------+-----
Transmutations | 3 |  3.9
Poison Magic   | 1 2 |  2.0
Fighting       | |  1.0
Dodging        | |  1.5
Unarmed Combat | |  3.0
Spellcasting   | |  2.0

Action                   |  1- 3 |  4- 6 || total
-------------------------+-------+-------++-------
Melee: Unarmed           |    70 |    11 ||    81
       Headbutt          |     7 |     1 ||     8
 Cast: Beastly Appendage |    18 |     1 ||    19
       Spider Form       |       |     2 ||     2
 Abil: Spit Poison       |    34 |     4 ||    38
  Use: Scroll            |       |     3 ||     3
 Stab: Sleeping          |       |     1 ||     1
  Eat: Chunk             |     3 |     1 ||     4
Armor: Robe              |    15 |     2 ||    17
Dodge: Dodged            |    45 |    18 ||    63
